 Dungeon Crawl Stone Soup version 0.32-a0-656-g3542139ebd (webtiles) character file.

Game seed: 15249856912326407183

19057 ytrimaz the Reanimator (level 12, 0/81 HPs)
             Began as a Demigod Necromancer on Mar 8, 2024.
             Killed from afar by a deep elf knight (30 damage)
             ... with a shard of ice
             ... on level 12 of the Dungeon.
             The game lasted 00:25:02 (15331 turns).

ytrimaz the Reanimator (Demigod Necromancer)       Turns: 15331, Time: 00:25:03

Health: 0/81       AC: 17    Str: 17    XL:     12   Next: 6%
Magic:  17/30      EV: 19    Int: 27    God:
Gold:   718        SH:  0    Dex: 14    Spells: 14/31 levels left

rFire   . . .        v - +2 glaive (venom)
rCold   + . .        (shield currently unavailable)
rNeg    . . .        L - +3 troll leather armour {Snorg}
rPois   .            (helmet restricted)
rElec   .            d - +0 cloak
rCorr   .            C - +1 pair of gloves "Dexoukko" {+Blink +Inv rC+ Int+2}
SInv    .            j - +1 pair of boots
Will    +....        e - amulet of the acrobat
Stlth   ++           i - +4 ring of protection
HPRegen 1.13/turn    z - +5 ring of evasion
MPRegen 0.22/turn

%: acrobat
@: no status effects
A: high MP 1, forlorn, divine attributes, horns 1, wild magic 2
a: Evoke Blink, Evoke Invisibility


You were on level 12 of the Dungeon.
You visited 1 branch of the dungeon, and saw 12 of its levels.

You collected 1095 gold pieces.
You spent 377 gold pieces at shops.


Innate Abilities, Weirdness & Mutations

You have an increased reservoir of magic. (+10% MP)
You shall have no god before yourself.
Your divine heritage dramatically boosts your attributes as you level up.
You have a pair of small horns on your head.
Your spells are harder to cast, but more powerful.


   Skills:
 - Level 10.0 Armour
 + Level 5.5 Dodging
 - Level 1.7 Stealth
 + Level 10.1 Spellcasting
 + Level 11.4 Necromancy


You had 14 spell levels left.
You knew the following spells:

 Your Spells              Type           Power      Damage    Failure   Level
a - Necrotise             Necr           100%       1d9       1%          1
b - Vampiric Draining     Necr           88%        2d12      1%          3
c - Animate Dead          Necr           88%        N/A       2%          4
d - Martyr's Knell        Necr/Summ      64%        N/A       12%         4
f - Curse of Agony        Necr           88%        N/A       4%          5

Your spell library contained the following spells:

 Spells                   Type           Power      Damage    Failure   Level
 Summon Small Mammal      Summ           84%        N/A       12%         1
 Mercury Vapours          Alch/Air       42%        N/A       17%         2
 Static Discharge         Conj/Air       42%        3-5/arc   17%         2
 Call Canine Familiar     Summ           21%        N/A       28%         3
 Dazzling Flash           Conj/Hex       42%        N/A       28%         3
 Gell's Gravitas          Tloc           21%        N/A       28%         3
 Mephitic Cloud           Conj/Alch/Air  21%        N/A       28%         3
 Teleport Other           Tloc           21%        N/A       28%         3
 Tukima's Dance           Hex            21%        N/A       28%         3
 Airstrike                Air            10%        2d(2-18)  61%         4
 Passage of Golubria      Tloc           21%        N/A       61%         4
 Summon Blazeheart Golem  Fire/Summ      21%        N/A       61%         4
 Summon Lightning Spire   Summ/Air       21%        N/A       61%         4
 Freezing Cloud           Conj/Ice/Air   10%        6-21      90%         5
 Silence                  Hex/Air        10%        N/A       90%         5
 Yara's Violent Unravell  Hex/Alch       10%        3d6       90%         5
 Dispersal                Tloc           10%        N/A       100%        6

Inventory:

Hand Weapons
 c - a +4 short sword of venom
   (You took it off Duvessa on level 5 of the Dungeon)
 v - a +2 glaive of venom (weapon)
   (You found it on level 6 of the Dungeon)
Missiles
 b - 3 throwing nets
Armour
 a - a +0 robe
 d - a +0 cloak (worn)
   (You found it on level 1 of the Dungeon)
 j - a +1 pair of boots (worn)
   (You found it on level 3 of the Dungeon)
 l - the +1 leather armour "Layf" {rN++ Str+4 Dex+4 Slay+2}
   (You found it on level 5 of the Dungeon)

   Str+4:     It affects your strength (+4).
   Dex+4:     It affects your dexterity (+4).
   Slay+2:    It affects your accuracy & damage with ranged weapons and melee
   (+2).
   rN++:      It greatly protects you from negative energy.
 y - a +2 helmet
   (You found it on level 6 of the Dungeon)
 C - the +1 pair of gloves "Dexoukko" (worn) {+Blink +Inv rC+ Int+2}
   (You found it on level 8 of the Dungeon)

   Int+2:     It affects your intelligence (+2).
   rC+:       It protects you from cold.
   +Inv:      It lets you turn invisible.
   +Blink:    It lets you blink.
 L - a +3 troll leather armour (worn) {Snorg}
   (You found it on level 10 of the Dungeon)
Jewellery
 e - an amulet of the acrobat (around neck)
   (You found it on level 2 of the Dungeon)
 i - a +4 ring of protection (left hand)
   (You found it on level 2 of the Dungeon)
 m - a ring of resist corrosion
   (You found it on level 2 of the Dungeon)
 z - a +5 ring of evasion (right hand)
   (You found it on level 7 of the Dungeon)
 G - a +4 ring of protection
   (You found it on level 10 of the Dungeon)
Wands
 r - a wand of flame (52)
   (You took it off Dowan on level 5 of the Dungeon)
 w - a wand of polymorph (10)
   (You found it on level 8 of the Dungeon)
 x - a wand of warping (13)
   (You found it on level 6 of the Dungeon)
 F - a wand of paralysis (5)
   (You found it on level 10 of the Dungeon)
Scrolls
 n - a scroll of silence {unknown}
 p - 2 scrolls of enchant armour
 q - a scroll of amnesia
 s - 4 scrolls of teleportation
 H - a scroll of noise {unknown}
 I - a scroll of fog
 K - a scroll of enchant weapon {unknown}
 N - 4 scrolls of identify
 O - a scroll of revelation
Potions
 f - 2 potions of attraction
 g - 2 potions of might
 h - a potion of berserk rage
 k - 3 potions of haste
 o - 2 potions of magic
 t - a potion of lignification
 u - a potion of invisibility
 A - 3 potions of curing
 B - a potion of mutation
 E - a potion of resistance
 J - a potion of enlightenment {unknown}

Dungeon Overview and Level Annotations

Branches:
Dungeon (12/15) Zot: 26127  Temple (0/1) D:4            Lair (0/5) D:11
    Orc (0/2) D:11

Shops:
D:10 !*   D:11 =

Portals:
Abyss: D:7

Annotations:
D:7 2 transporters, Juicyj's ghost, novice MDFi
D:12 Azrael

##.# #.# .# #...#
#.. $.# .....#
#.#...#
#...##.#...#
#...#.#...#
#........#
#...#(#.###
#...##{#.## .....#
#@#..########
#...#
#..)........# ##.#
#####.#####.# ...
#.....#...#.# ..
###.#..##.#.#
#.....##.##.#
##.#.##...#.#
#....#.#..#...#
.....####.##.###.#


There were no monsters in sight!


Message History

You reach to attack!
You hit the cyclops.
Your martyred shade disappears in a puff of smoke!
You kill the cyclops!
You hear some strange, mumbled words.
A lance of force appears from out of thin air!
The lance of force misses you. 😕 HP[+2]
You regained 2 hp, and now have 68/81 hp.
Reach: v) +2 glaive (venom)
Press: ? - help, Dir - move target, f - you That would be overly suicidal.
Okay, then.
Unknown command.
Casting: Martyr's Knell (dangerous; 12% risk of failure)
Confirm with . or Enter, or press ? or * to list all spells.
You don't know that spell.
Unknown command.
Casting: Martyr's Knell (dangerous; 12% risk of failure)
Confirm with . or Enter, or press ? or * to list all spells.
You can't see any susceptible monsters within range! (Use Z to cast anyway.) Unknown command.
Unknown command.
Casting: Martyr's Knell (dangerous; 12% risk of failure)
Confirm with . or Enter, or press ? or * to list all spells.
You can't see any susceptible monsters within range! (Use Z to cast anyway.) Unknown command.
Casting: Martyr's Knell (dangerous; 12% risk of failure)
Confirm with . or Enter, or press ? or * to list all spells.
You don't know that spell.
Casting: Martyr's Knell (dangerous; 12% risk of failure)
Confirm with . or Enter, or press ? or * to list all spells.
Aiming: Curse of Agony (dangerous; 4% risk of failure)
Press: ? - help, Shift-Dir - straight line You hear some strange, mumbled words.
A lance of force appears from out of thin air!
The lance of force misses you. 😕 HP[+1] MP[-5]
You lost 5 mp, and now have 24/30 mp.
Reach: v) +2 glaive (venom)
Press: ? - help, Dir - move target You miss something.
Something hits you!
You hear some strange, mumbled words.
A shard of ice appears from out of thin air!
The shard of ice hits you!! You partially resist. 😮 HP[-27]
You take 27 damage, and now have 42/81 hp.
MASSIVE DAMAGE!! (PAUSE) Unknown command.
Unknown command.
You closely miss something. Something closely misses you.
Something hits you. x2
* * * LOW HITPOINT WARNING * * *
😨 HP[-7] MP[+1]
You take 7 damage, and now have 35/81 hp.
Unknown command.
You miss something. Your headbutt misses something. Something hits you!
* * * LOW HITPOINT WARNING * * *
You hear some strange, mumbled words.
A shard of ice appears from out of thin air!
The shard of ice misses you. 😨 HP[-8]
You take 8 damage, and now have 27/81 hp.
Unknown command.
Casting: Curse of Agony (dangerous; 4% risk of failure)
Confirm with . or Enter, or press ? or * to list all spells.
You can't see any susceptible monsters within range! (Use Z to cast anyway.) Unknown command.
Casting: Curse of Agony (dangerous; 4% risk of failure)
Confirm with . or Enter, or press ? or * to list all spells.
Aiming: Vampiric Draining (safe; 1% risk of failure)
Press: ? - help, Shift-Dir - straight line You draw life force from something!
You feel life coursing into your body!
You hear some strange, mumbled words.
A shard of ice appears from out of thin air!
The shard of ice hits you!! You partially resist.
* * * LOW HITPOINT WARNING * * *
Something barely misses you. 😱 HP[-9] MP[-3]
You take 9 damage, and now have 18/81 hp.
You lost 3 mp, and now have 22/30 mp.
Unknown command.
Casting: Vampiric Draining (safe; 1% risk of failure)
Confirm with . or Enter, or press ? or * to list all spells.
Aiming: Vampiric Draining (safe; 1% risk of failure)
Press: ? - help, Shift-Dir - straight line You draw life force from something!
You feel life coursing into your body.
You hear some strange, mumbled words.
A lance of force appears from out of thin air!
The lance of force misses you. 😨 HP[+6] MP[-2]
You regained 6 hp, and now have 24/81 hp.
You lost 2 mp, and now have 20/30 mp.
Casting: Vampiric Draining (safe; 1% risk of failure)
Confirm with . or Enter, or press ? or * to list all spells.
Aiming: Vampiric Draining (safe; 1% risk of failure)
Press: ? - help, Shift-Dir - straight line You draw life force from something!
You feel life coursing into your body.
You hear some strange, mumbled words.
A shard of ice appears from out of thin air!
The shard of ice hits you!! You partially resist.
You die...

Skill      XL: |  1  2  3  4  5  6  7  8  9 10 11 |
---------------+----------------------------------+-----
Spellcasting   | 2 3 4 5 6 7 8 10 | 10.1
Armour         | 1 2 3 4 5 6 7 9 10 | 10.0
Necromancy     | 4 5 6 7 8 10 11 | 11.4
Dodging        | 5 |  5.5
Stealth        | |  1.7

Action                     |  1- 3 |  4- 6 |  7- 9 | 10-12 || total
---------------------------+-------+-------+-------+-------++-------
  Melee: Unarmed           |     7 |    11 |     2 |       ||    20
         Short sword       |       |       |    36 |       ||    36
         Glaive            |       |       |    87 |   330 ||   417
         Headbutt          |       |       |       |    13 ||    13
  Throw: Throwing net      |       |       |     2 |       ||     2
   Cast: Necrotise         |    85 |   121 |   100 |    13 ||   319
         Vampiric Draining |       |     4 |    15 |    51 ||    70
         Curse of Agony    |       |       |     8 |    14 ||    22
         Animate Dead      |       |       |     4 |    25 ||    29
         Martyr's Knell    |       |       |       |    28 ||    28
         Call Canine Famil |       |       |       |     5 ||     5
  Evoke: Wand              |     6 |       |     3 |     1 ||    10
    Use: Scroll            |     2 |     7 |     5 |    11 ||    25
         Potion            |     2 |       |     1 |     3 ||     6
   Stab: Sleeping          |       |       |     2 |     1 ||     3
         Distracted        |       |       |       |     2 ||     2
 Armour: Robe              |    16 |    22 |       |       ||    38
         Leather armour    |       |     7 |   125 |   159 ||   291
         Troll leather arm |       |       |       |   250 ||   250
  Dodge: Dodged            |    30 |    27 |   156 |   498 ||   711

Levels and vault maps discovered:
D:1:      dpeg_arrival_brainrot, layout_loops_corners, serial_park_tiny_1
D:2:      layout_basic, serial_aquarium, aquarium_bridge_long_joined
          [aquarium_subvault_bridge, aquarium_subvault_wall,
          aquarium_subvault_bridge, aquarium_subvault_window,
          aquarium_subvault_window, aquarium_subvault_bridge],
          aquarium_window_fake, aquarium_window_2, aquarium_window_fake,
          aquarium_view_2d, aquarium_balcony_1b, aquarium_pool_five
D:3:      layout_loops_cross, mainiacjoe_overflow_alcove_3,
          shapermc_ecumenical_altar_gd, kennysheep_generic_room_16
D:4:      layout_gridville, nicolae_ru_great_annihilating_truth,
          minmay_temple_entry_arrows
D:5:      layout_loops_ring, uniq_duvessa
D:6:      layout_loops_ring
D:7:      layout_basic, gammafunk_ghost_abyssal_escape
D:8:      layout_loops_ring, mainiacjoe_overflow_surrounded_room, uniq_amaemon,
          uniq_maggie, uniq_joseph
D:9:      minmay_angry_zag, layout_loops_corners, chequers_serial_rivers_room_b,
          minmay_orc_keep, uniq_pikel
D:10:     minmay_recursive_quarters, layout_irregular_city, elyvilon_altar_1,
          serial_shops, kennysheep_little_box,
          nicolae_shop_sticking_my_neck_out, uniq_snorg
D:11:     layout_irregular_city, lair_entry_dummy, david_orc_1_choice,
          serial_shops, nicolae_shop_tiny_waterfront, uniq_lodul
D:12:     minmay_the_grid_net [minmay_the_grid_empty,
          minmay_the_grid_outer_diamond, minmay_the_grid_mess,
          minmay_the_grid_minigrid_medium, minmay_the_grid_pillar_ring,
          minmay_the_grid_prize_shrinking_boxes], layout_basic, xom_redecorated,
          uniq_azrael

Notes
Turn   | Place    | Note
-------+----------+-------------------------------------------
     0 | D:1      | ytrimaz the Demigod Necromancer began the quest for the
                  | Orb.
     0 | D:1      | Reached XP level 1. HP: 14/14 MP: 5/5
     0 | D:1      | magus.rc [v1.9.6]
   217 | D:1      | You pick up a book of Storms and begin reading...
   217 | D:1      | You add the spells Static Discharge, Airstrike and Summon
                  | Lightning Spire to your library.
   382 | D:1      | Reached skill level 2 in Spellcasting
   586 | D:1      | Reached XP level 2. HP: 20/20 MP: 0/7
   884 | D:1      | Reached skill level 1 in Armour
  1202 | D:1      | Gained mutation: Your mind is acute. (Int +4, Str/Dex -1)
                  | [potion of mutation]
  1202 | D:1      | Gained mutation: You possess an exceptional clarity of
                  | mind. [potion of mutation]
  1202 | D:1      | Gained mutation: Armour fits poorly on your strangely
                  | shaped body. [potion of mutation]
  1420 | D:2      | You add the spells Tukima's Dance, Passage of Golubria and
                  | Yara's Violent Unravelling to your library.
  1603 | D:2      | You fall into a shaft and drop 2 floors!
  1668 | D:4      | Reached skill level 4 in Necromancy
  1668 | D:4      | Reached XP level 3. HP: 26/26 MP: 5/9
  1978 | D:4      | Found a staircase to the Ecumenical Temple.
  1986 | D:4      | Noticed a phantom
  2005 | D:4      | Killed a phantom
  2006 | D:4      | Reached skill level 2 in Armour
  2006 | D:4      | Reached XP level 4. HP: 15/33 MP: 9/11
  2013 | D:4      | Learned a level 3 spell: Vampiric Draining
  2018 | D:4      | Learned a level 4 spell: Animate Dead
  2483 | D:2      | You pick up a book of Necromancy and begin reading...
  2934 | D:2      | Reached skill level 3 in Spellcasting
  3140 | D:3      | Reached XP level 5. HP: 38/38 MP: 10/12
  4052 | D:3      | You pick up a book of the Senses and begin reading...
  4052 | D:3      | You add the spells Dazzling Flash, Mephitic Cloud and
                  | Silence to your library.
  4084 | D:3      | Reached skill level 3 in Armour
  4341 | D:4      | You pick up a book of Vapours and begin reading...
  4341 | D:4      | You add the spells Mercury Vapours and Freezing Cloud to
                  | your library.
  4401 | D:4      | Reached skill level 5 in Necromancy
  4401 | D:4      | Reached XP level 6. HP: 41/45 MP: 10/14
  4649 | D:4      | Noticed a water moccasin
  4655 | D:4      | Killed a water moccasin
  4869 | D:4      | Reached skill level 4 in Spellcasting
  5061 | D:5      | Entered Level 5 of the Dungeon
  5079 | D:5      | Identified the +1 leather armour "Layf" {rN++ Str+4 Dex+4
                  | Slay+2}
  5160 | D:5      | Reached skill level 4 in Armour
  5160 | D:5      | Reached XP level 7. HP: 44/50 MP: 7/16
  5249 | D:5      | You pick up a book of Callings and begin reading...
  5249 | D:5      | You add the spells Summon Small Mammal, Call Canine
                  | Familiar and Summon Blazeheart Golem to your library.
  5910 | D:5      | Noticed Duvessa
  5911 | D:5      | Noticed Dowan
  5918 | D:5      | Killed Duvessa
  5927 | D:5      | Killed Dowan
  5928 | D:5      | Reached skill level 6 in Necromancy
  6389 | D:6      | Reached skill level 5 in Armour
  6496 | D:6      | Learned a level 5 spell: Curse of Agony
  6589 | D:6      | Reached skill level 5 in Spellcasting
  6593 | D:6      | Reached XP level 8. HP: 57/57 MP: 13/19
  7385 | D:6      | Reached skill level 7 in Necromancy
  7566 | D:6      | Noticed a two-headed ogre
  7572 | D:6      | Killed a two-headed ogre
  7573 | D:6      | Reached skill level 6 in Armour
  7573 | D:6      | Reached skill level 6 in Spellcasting
  7831 | D:7      | Reached XP level 9. HP: 56/62 MP: 15/22
  7869 | D:7      | Found a one-way gate to the infinite horrors of the Abyss.
  7869 | D:7      | Noticed Juicyj's ghost (novice MDFi)
  7882 | D:7      | Found a transporter.
  7882 | D:7      | Noticed an ancient zyme
  7895 | D:7      | Noticed an occultist
  8270 | D:7      | Found a transporter.
  8984 | D:8      | Reached skill level 7 in Armour
  9082 | D:8      | Reached skill level 8 in Necromancy
  9190 | D:8      | Noticed an orange demon
  9192 | D:8      | Noticed Amaemon
  9201 | D:8      | Killed an orange demon
  9212 | D:8      | HP: 15/62 [poisoned by Amaemon]
  9213 | D:8      | Killed Amaemon
  9214 | D:8      | Reached skill level 7 in Spellcasting
  9217 | D:8      | HP: 11/62 [poisoned by Amaemon]
  9644 | D:8      | Noticed Maggie
  9658 | D:8      | Killed Maggie
  9877 | D:8      | Noticed Joseph
  9887 | D:8      | Killed Joseph
 10026 | D:8      | Identified the +1 pair of gloves "Dexoukko" {+Blink +Inv
                  | rC+ Int+2}
 10044 | D:8      | Reached XP level 10. HP: 68/69 MP: 25/25
 10291 | D:9      | Reached skill level 8 in Armour
 10369 | D:9      | Learned a level 3 spell: Call Canine Familiar
 10622 | D:9      | Reached skill level 9 in Necromancy
 10883 | D:9      | HP: 6/69 [orc priest/divine providence (13)]
 10892 | D:9      | HP: 16/69 [orc/+0 flail (2)]
 10908 | D:9      | HP: 7/69 [orc priest/divine providence (10)]
 11192 | D:9      | Noticed Pikel
 11204 | D:9      | Learned a level 4 spell: Martyr's Knell
 11238 | D:9      | Killed Pikel
 11449 | D:9      | Reached skill level 8 in Spellcasting
 12042 | D:10     | Entered Level 10 of the Dungeon
 12044 | D:10     | You add the spells Gell's Gravitas, Teleport Other and
                  | Dispersal to your library.
 12191 | D:10     | Reached skill level 9 in Armour
 12339 | D:10     | Found Raimm's Neck Hole.
 12388 | D:10     | Found Tuic's Distillery.
 12393 | D:10     | Bought a potion of mutation for 104 gold pieces
 12393 | D:10     | Bought a potion of resistance for 130 gold pieces
 12393 | D:10     | Bought a potion of curing for 39 gold pieces
 12393 | D:10     | Bought a potion of magic for 104 gold pieces
 13039 | D:10     | Noticed a sixfirhy
 13041 | D:10     | Reached skill level 10 in Necromancy
 13135 | D:10     | Noticed Snorg
 13148 | D:10     | Killed Snorg
 13149 | D:10     | Reached XP level 11. HP: 31/74 MP: 17/28
 13397 | D:11     | Noticed a two-headed ogre
 13405 | D:11     | Killed a two-headed ogre
 13449 | D:11     | Found a staircase to the Orcish Mines.
 13469 | D:11     | Reached skill level 2 in Dodging
 13469 | D:11     | Reached skill level 9 in Spellcasting
 13680 | D:11     | Noticed Lodul
 13693 | D:11     | HP: 10/74 [ogre/+0 giant club[Lodul] (24)]
 13703 | D:11     | Killed Lodul
 14099 | D:11     | Found Sucufil's Jewellery Boutique.
 14112 | D:11     | Reached skill level 3 in Dodging
 14237 | D:11     | Reached skill level 10 in Armour
 14340 | D:11     | Found a staircase to the Lair.
 14608 | D:12     | Noticed a skeletal warrior
 14610 | D:12     | Noticed a centaur warrior
 14615 | D:12     | Noticed a two-headed ogre
 14627 | D:12     | Noticed a two-headed ogre
 14632 | D:12     | Noticed a boulder beetle
 14633 | D:12     | Noticed Azrael
 14637 | D:12     | Killed a centaur warrior
 14658 | D:12     | Killed a two-headed ogre
 14659 | D:12     | Reached skill level 4 in Dodging
 14667 | D:12     | HP: 18/74 [two-headed ogre/+0 giant spiked club (12)]
 14680 | D:12     | Killed a two-headed ogre
 14681 | D:12     | Reached skill level 11 in Necromancy
 14870 | D:12     | Lost mutation: You possess an exceptional clarity of mind.
                  | [potion of mutation]
 14870 | D:12     | Lost mutation: Armour fits poorly on your strangely shaped
                  | body. [potion of mutation]
 14870 | D:12     | Lost mutation: Your mind is acute. (Int +4, Str/Dex -1)
                  | [potion of mutation]
 14870 | D:12     | Gained mutation: Your spells are a little harder to cast,
                  | but a little more powerful. [potion of mutation]
 14870 | D:12     | Gained mutation: You have a pair of small horns on your
                  | head. [potion of mutation]
 14870 | D:12     | Gained mutation: Your spells are harder to cast, but more
                  | powerful. [potion of mutation]
 14922 | D:12     | Noticed a deep elf knight
 14925 | D:12     | Noticed a tengu warrior
 14988 | D:12     | Killed a tengu warrior
 14989 | D:12     | Reached skill level 5 in Dodging
 14992 | D:12     | HP: 26/111 [troll (9)]
 14995 | D:12     | Reached skill level 10 in Spellcasting
 15115 | D:12     | Killed a boulder beetle
 15116 | D:12     | Reached XP level 12. HP: 75/81 MP: 25/30
 15329 | D:12     | HP: 18/81 [something/shard of ice (18)]
 15331 | D:12     | Killed from afar by a deep elf knight

Vanquished Creatures
  Snorg (D:10)
  A centaur warrior (D:12)
  4 two-headed ogres
  A boulder beetle (D:12)
  A tengu warrior (D:12)
  Amaemon (D:8)
  Lodul (D:11)
  Pikel (D:9)
  A cyclops (D:12)
  2 manticores
  Joseph (D:8)
  Maggie (D:8)
  An orange demon (D:8)
  A kobold demonologist (D:10)
  2 komodo dragons
  4 trolls (D:12)
  A hornet (D:9)
  A slime creature (D:12)
  2 wraiths (D:12)
  A vampire (D:9)
  A warg (D:11)
  3 wyverns
  13 yaks
  A basilisk (D:12)
  A steam dragon (D:9)
  An acid dragon (D:10)
  2 water moccasins
  Duvessa (D:5)
  9 orc warriors
  A black bear (D:5)
  4 ice beasts
  6 ogres
  2 centaurs
  A phantom (D:4)
  3 lemures (D:9)
  A kobold brigand (D:8)
  3 bullfrogs
  3 scorpions
  3 wights (D:9)
  Dowan (D:5)
  4 killer bees (D:11)
  3 howler monkeys
  8 orc priests
  2 bombardier beetles
  2 hounds
  A gnoll bouda (D:6)
  A jelly (D:7)
  A sleepcap (D:8)
  2 iguanas (D:6)
  9 orc wizards
  3 ogre zombies (D:11)
  7 gnolls
  10 adders
  A nameless horror (D:9)
  A shadow imp (D:7)
  3 dart slugs
  A ribbon worm (D:2)
  43 orcs
  7 ball pythons
  4 bats
  7 endoplasms
  6 giant cockroaches
  7 goblins
  4 hobgoblins
  9 jackals
  6 quokkas
  3 frilled lizards
  12 kobolds
  2 rats
258 creatures vanquished.

Vanquished Creatures (collateral kills)
  6 yaks
  2 acid dragons
  An orc warrior (D:10)
  2 ogres (D:11)
  A lemure (D:9)
  A kobold brigand (D:10)
  A gnoll bouda (D:10)
  An orc priest (D:11)
  6 orcs
  A goblin (D:3)
22 creatures vanquished.

Vanquished Creatures (others)
  A slime creature zombie (D:12)
  A two-headed ogre zombie (D:12)
  A wyvern zombie (D:9)
  4 yak zombies
  A troll zombie (D:12)
  A kobold zombie (D:10)
  A bullfrog zombie (D:9)
  An acid dragon zombie (D:9)
  18 orc zombies
29 creatures vanquished.

Grand Total: 309 creatures vanquished

Table legend:
 A = Non-vault XP
 B = Vault XP
 C = Vault XP percentage of total XP
 D = Non-vault monster count
 E = Vault monster count
 F = Vault count percentage of total count
                 A         B        C        D         E       F
            +---------+---------+-------+---------+---------+-------
      Total |   13009 |   14216 |  52.2 |     208 |      64 |  23.5
            +---------+---------+-------+---------+---------+-------
        D:1 |      29 |       2 |   6.5 |      15 |       1 |   6.2
        D:2 |      30 |       0 |   0.0 |      15 |       0 |   0.0
        D:3 |     175 |       0 |   0.0 |      24 |       0 |   0.0
        D:4 |     548 |      40 |   6.8 |      31 |       4 |  11.4
        D:5 |     368 |     201 |  35.3 |      14 |       2 |  12.5
        D:6 |    1897 |       0 |   0.0 |      24 |       0 |   0.0
        D:7 |     833 |       0 |   0.0 |      14 |       0 |   0.0
        D:8 |     421 |    2044 |  82.9 |      17 |       4 |  19.0
        D:9 |    1596 |    1311 |  45.1 |      22 |      12 |  35.3
       D:10 |    2086 |    2050 |  49.6 |      13 |       9 |  40.9
       D:11 |    3085 |    2155 |  41.1 |      13 |      17 |  56.7
       D:12 |    1941 |    6413 |  76.8 |       6 |      15 |  71.4
            +---------+---------+-------+---------+---------+-------

Skill      XL: |  1  2  3  4  5  6  7  8  9 10 11 |
---------------+----------------------------------+-----
Spellcasting   | 2 3 4 5 6 7 8 10 | 10.1
Armour         | 1 2 3 4 5 6 7 9 10 | 10.0
Necromancy     | 4 5 6 7 8 10 11 | 11.4
Dodging        | 5 |  5.5
Stealth        | |  1.7

Action                     |  1- 3 |  4- 6 |  7- 9 | 10-12 || total
---------------------------+-------+-------+-------+-------++-------
  Melee: Unarmed           |     7 |    11 |     2 |       ||    20
         Short sword       |       |       |    36 |       ||    36
         Glaive            |       |       |    87 |   330 ||   417
         Headbutt          |       |       |       |    13 ||    13
  Throw: Throwing net      |       |       |     2 |       ||     2
   Cast: Necrotise         |    85 |   121 |   100 |    13 ||   319
         Vampiric Draining |       |     4 |    15 |    51 ||    70
         Curse of Agony    |       |       |     8 |    14 ||    22
         Animate Dead      |       |       |     4 |    25 ||    29
         Martyr's Knell    |       |       |       |    28 ||    28
         Call Canine Famil |       |       |       |     5 ||     5
  Evoke: Wand              |     6 |       |     3 |     1 ||    10
    Use: Scroll            |     2 |     7 |     5 |    11 ||    25
         Potion            |     2 |       |     1 |     3 ||     6
   Stab: Sleeping          |       |       |     2 |     1 ||     3
         Distracted        |       |       |       |     2 ||     2
 Armour: Robe              |    16 |    22 |       |       ||    38
         Leather armour    |       |     7 |   125 |   159 ||   291
         Troll leather arm |       |       |       |   250 ||   250
  Dodge: Dodged            |    30 |    27 |   156 |   498 ||   711

Illustrated notes

Table legend:
 A = Kills in this place as a percentage of kills in the entire game.
 B = Kills by you in this place as a percentage of kills by you in the entire game.
 C = Kills by friends in this place as a percentage of kills by friends in the entire game.
 D = Other kills in this place as a percentage of other kills in the entire game.
 E = Experience gained in this place as a percentage of experience gained in the entire game.
 F = Experience gained in this place divided by the number of levels of this place that you have seen.
                   A       B       C       D       E      F
               +-------+-------+-------+-------+-------+----------------------
         Total | 100.0 | 100.0 | 100.0 |   N/A | 100.0 | 2268.8
       Dungeon | 100.0 | 100.0 | 100.0 |   N/A | 100.0 | 2268.8
               +-------+-------+-------+-------+-------+----------------------

Table legend: (Time is in decaauts)
 A = Elapsed time spent in this place.
 B = Non-inter-level travel time spent in this place.
 C = Inter-level travel time spent in this place.
 D = Time resting spent in this place.
 E = Time spent auto-exploring this place.
 F = Levels seen in this place.
 G = Mean time per level.
                   A        B        C        D        E       F      G
               +--------+--------+--------+--------+--------+-----+--------+
         Total |  15675 |  15305 |    370 |    437 |  12250 |  12 | 1306.2 |
       Dungeon |  15675 |  15305 |    370 |    437 |  12250 |  12 | 1306.2 |
               +--------+--------+--------+--------+--------+-----+--------+

Top non-repeatable levels by time:
     D:9: 2019 daAuts
     D:4: 1586 daAuts
     D:6: 1498 daAuts
    D:10: 1380 daAuts
    D:11: 1238 daAuts
     D:3: 1212 daAuts
     D:7: 1205 daAuts
     D:1: 1204 daAuts
     D:8: 1180 daAuts
     D:2: 1142 daAuts
     D:5: 1136 daAuts
    D:12: 871 daAuts
